AoeStats
← Křovák

Arena

504294119Analyzed
1v1 RM · 29d ago on Sep 4, 2026· 30m 9s· 2 players
Game mode
Random Map
Map size
Tiny (2 player)
Population
200
Speed
Normal
Resources
Standard
Victory
Conquest
Starting age
Dark Age
Ending age
Imperial Age
RankedLock teamsTeams togetherTeam positionsShared explorationLock speedFull tech treeHidden civsTurbo modeCheats
Victory
Defeat
🇨🇿 Bohemians · Czechia
867
+16
🇩🇪 Tupi · Germany
875
-16
Křovák
8:57 Loom
12:06 Feudal Age
16:15 Castle Age
14:28 Double-Bit Axe
16:32 Town Watch
18:37 Fletching
19:50 Horse Collar
24:02 Bodkin Arrow
32:04 Imperial Age
schukchr
8:35 Loom
10:39 Feudal Age
15:40 Castle Age
16:56 Fletching
18:43 Horse Collar
18:53 Double-Bit Axe
21:28 Gold Mining
23:02 Wheelbarrow
23:47 Bodkin Arrow
24:38 Town Watch
26:04 Padded Archer Armor
32:34 Imperial Age
Connection lost

Rejoining the realm…

Still unreachable

The connection could not be restored.

Session expired

The server has moved on; the page needs a fresh start.